 Dungeon Crawl Stone Soup version 0.29-a0-553-g81b289d (webtiles) character file.

Game seed: 6687328426239353592

44 Illumine the Slasher (level 3, 0/29 HPs)
             Began as a Human Berserker on June 7, 2022.
             Was a Follower of Trog.
             Slain by Jessica
             ... wielding a +0 club
              (5 damage)
             ... on level 2 of the Dungeon.
             The game lasted 00:01:50 (2332 turns).

Illumine the Slasher (Human Berserker)              Turns: 2332, Time: 00:01:50

Health: 0/29       AC:  2    Str: 17    XL:     3   Next: 87%
Magic:  3/3        EV: 12    Int:  7    God:    Trog [*.....]
Gold:   52         SH:  3    Dex: 14    Spells: 2/2 levels left

rFire   . . .      SeeInvis .   a - +0 falchion
rCold   . . .      Faith    .   h - +0 buckler
rNeg    . . .      Spirit   .   b - +0 animal skin
rPois   .          Reflect  .   (no helmet)
rElec   .          Harm     .   (no cloak)
rCorr   .          Rampage  .   (no gloves)
Will    .....                   (no boots)
Stlth   +.........              (no amulet)
HPRegen 0.09/turn               (no ring)
MPRegen 0.08/turn               (no ring)

@: no status effects
A: no striking features
a: Renounce Religion, Berserk


You were on level 2 of the Dungeon.
You worshipped Trog.
Trog was aware of your devotion.
You visited 1 branch of the dungeon, and saw 2 of its levels.

You collected 52 gold pieces.

Inventory:

Hand Weapons
 a - a +0 falchion (weapon)
Armour
 b - a +0 animal skin (worn)
 c - an orb of light
 h - a +0 buckler (worn)
Jewellery
 d - an amulet of reflection
Scrolls
 f - a scroll of identify {unknown}
 g - a scroll of immolation {unknown}
 i - a scroll of enchant weapon {unknown}
 k - a scroll of amnesia {unknown}
 l - a scroll of summoning {unknown}
Potions
 e - 3 potions of curing {unknown}
 j - a potion of magic {unknown}


   Skills:
 + Level 3.3 Fighting
 * Level 3.8 Long Blades
 - Level 2.0 Armour
 + Level 2.5 Dodging
 + Level 0.4 Shields


You had 2 spell levels left.
You didn't know any spells.
Your spell library was empty.

Dungeon Overview and Level Annotations

Branches:
Dungeon (2/15)

Altars:

Annotations:
D:2 Jessica


Message History

You barely miss the giant cockroach.
The giant cockroach is severely wounded.
The giant cockroach barely misses you.
You hit the giant cockroach but do no damage.
The giant cockroach is severely wounded.
The giant cockroach bites you. The giant cockroach closely misses you.
You hit the giant cockroach.
The giant cockroach is almost dead.
The giant cockroach completely misses you.
You closely miss the giant cockroach.
The giant cockroach is severely wounded.
The giant cockroach bites you but does no damage.
You hit the giant cockroach.
You kill the giant cockroach!
Trog accepts your kill.
Jessica is nearby!
Jessica is nearby!
Jessica gestures wildly while chanting.
Jessica blinks!
Jessica points at you and mumbles some strange words.
Pain shoots through your body! You block Jessica's attack.
You hit Jessica but do no damage.
Jessica gestures wildly while chanting.
Jessica blinks!
Jessica points at you and mumbles some strange words.
Pain shoots through your body!
Jessica mumbles some strange words.
Jessica blinks!
Jessica shouts, "You're disturbing me!
I'll have to kill you!" Jessica closely misses you.
You hit Jessica but do no damage.
Jessica mumbles some strange words.
Jessica seems to speed up.
You hit Jessica but do no damage. Jessica hits you with a +0 club. x2
* * * LOW HITPOINT WARNING * * *
You hit Jessica.
Jessica is moderately wounded.
You block Jessica's attack. Jessica hits you with a +0 club.
You die...

.. # ...............
#.#............ .
..................# #
.................# #
#...............## #
# #................ #
##.#
#.............#..
####...
##..@@...........
.....#
#...##..#........
...### #..####.#<#
.....#
#####................
..##..#
#.....#.###.#.#####.@
..# #.###.......#
#...# ..#
#......#..### # .##
..###...#)#....... ..
.......##.....#### ##


You could see Jessica (fast).

Vanquished Creatures
  An adder (D:2)
  5 bats (D:1)
  3 endoplasms (D:1)
  2 giant cockroaches
  3 hobgoblins
  2 quokkas (D:1)
  5 ball pythons
  A frilled lizard (D:1)
  6 goblins
  A kobold (D:1)
  4 rats (D:1)
33 creatures vanquished.

Notes
Turn   | Place    | Note
-------+----------+-------------------------------------------
     0 | D:1      | Illumine the Human Berserker began the quest for the Orb.
     0 | D:1      | Reached XP level 1. HP: 18/18 MP: 1/1
   264 | D:1      | Reached XP level 2. HP: 13/24 MP: 2/2
   751 | D:1      | Reached XP level 3. HP: 11/29 MP: 3/3
  1455 | D:1      | Found a faded altar of an unknown god.
  1685 | D:2      | Noticed Jessica
  2332 | D:2      | Slain by Jessica

Illustrated notes

Levels and vault maps discovered:
D:1:      dpeg_arrival_pond, layout_basic, serial_aquarium,
          aquarium_bridge_square [aquarium_subvault_bridge,
          aquarium_subvault_window, aquarium_subvault_window,
          aquarium_subvault_window], aquarium_bridge_long_separate
          [aquarium_subvault_bridge, aquarium_subvault_window,
          aquarium_subvault_bridge, aquarium_subvault_bridge,
          aquarium_subvault_window, aquarium_subvault_window],
          aquarium_window_1, aquarium_window_corner, aquarium_view_2c,
          aquarium_balcony_5a, aquarium_pool_corner,
          ebering_ecumenical_altar_mist, due_unseen_surprise
D:2:      layout_rooms, uniq_jessica

Action                   || total
-------------------------++-------
Melee: Falchion          ||   111
Armor: Animal skin       ||    27
Dodge: Dodged            ||    67
Block: Buckler           ||     9

Table legend: (Time is in decaauts)
 A = Elapsed time spent in this place.
 B = Non-inter-level travel time spent in this place.
 C = Inter-level travel time spent in this place.
 D = Time resting spent in this place.
 E = Time spent auto-exploring this place.
 F = Levels seen in this place.
 G = Mean time per level.
                   A        B        C        D        E       F      G
               +--------+--------+--------+--------+--------+-----+--------+
         Total |   2348 |   2152 |    196 |    421 |   1429 |   2 | 1174.0 |
       Dungeon |   2348 |   2152 |    196 |    421 |   1429 |   2 | 1174.0 |
               +--------+--------+--------+--------+--------+-----+--------+

Top non-repeatable levels by time:
     D:1: 1776 daAuts
     D:2: 571 daAuts
